 Dungeon Crawl Stone Soup version 0.27.0 (webtiles) character file.

Game seed: 5184846602919520759

72 shadowrider38 the Chopper (level 4, 0/40 HPs)
             Began as a Minotaur Berserker on July 30, 2021.
             Was a Believer of Trog.
             Succumbed to an adder's poison
             ... on level 2 of the Dungeon.
             The game lasted 00:04:52 (1187 turns).

shadowrider38 the Chopper (Minotaur Berserker)      Turns: 1187, Time: 00:04:53

Health: 0/40       AC: 12    Str: 23    XL:     4   Next: 7%
Magic:  3/3        EV:  4    Int:  4    God:    Trog [**....]
Gold:   66         SH:  7    Dex:  9    Spells: 3/3 levels left

rFire    . . .     SeeInvis .   a - +0 hand axe
rCold    . . .     Faith    .   d - +0 kite shield
rNeg     . . .     Spirit   .   i - +0 plate armour
rPois    .         Reflect  .   (helmet restricted)
rElec    .         Harm     .   c - +0 cloak
rCorr    .         Rampage  .   (no gloves)
Will     .....                  (no boots)
Stlth    ..........             (no amulet)
HPRegen  0.13/turn              (no ring)
MPRegen  0.08/turn              (no ring)

@: lethally poisoned (0 -> -1)
A: horns 2, retaliatory headbutt
a: Renounce Religion, Berserk, Trog's Hand


You were on level 2 of the Dungeon.
You worshipped Trog.
Trog was pleased with you.
You visited 1 branch of the dungeon, and saw 2 of its levels.

You collected 66 gold pieces.

Inventory:

Hand Weapons
 a - a +0 hand axe (weapon)
Armour
 c - a +0 cloak (worn)
 d - a +0 kite shield (worn)
 i - a +0 plate armour (worn)
Scrolls
 b - a scroll of identify {unknown}
 e - a scroll of teleportation {unknown}
 h - a scroll of amnesia {unknown}
 j - a scroll of magic mapping {unknown}
Potions
 f - 3 potions of haste {unknown}
 g - a potion of flight {unknown}


   Skills:
 - Level 4.0 Fighting
 * Level 5.7 Axes
 - Level 2.4 Armour
 - Level 2.2 Dodging


You had 3 spell levels left.
You didn't know any spells.
Your spell library was empty.

Dungeon Overview and Level Annotations

Branches:
Dungeon (2/15)

Altars:

Shops:
D:1 [(!


Innate Abilities, Weirdness & Mutations

You have a pair of horns on your head.
You reflexively headbutt those who attack you in melee.


Message History

You feel sick. You block the bat's attack.
You feel sick. The adder bites you.
You are more poisoned.
The adder poisons you! The bat hits you but does no damage.
The adder bites you.
You are more poisoned.
The adder poisons you!
You feel very sick. The bat hits you but does no damage.
You block the adder's attack.
You feel sick. The bat hits you but does no damage.
You block the adder's attack. The bat hits you but does no damage.
You feel sick. You block the bat's attack. The adder bites you.
The adder bites you but does no damage.
You feel sick. The bat hits you but does no damage.
You block the adder's attack.
You feel sick. The adder bites you but does no damage.
You feel sick. The bat hits you but does no damage.
The adder bites you but does no damage.
You feel sick. The adder bites you.
* * * LOW HITPOINT WARNING * * *
You are lethally poisoned!
The adder poisons you! You block the bat's attack. The adder barely misses you.
* * * LOW HITPOINT WARNING * * *
You feel sick. You block the bat's attack. You block the adder's attack.
* * * LOW HITPOINT WARNING * * *
You feel sick. The bat hits you but does no damage.
The adder bites you but does no damage.
* * * LOW HITPOINT WARNING * * *
You feel sick. The adder bites you but does no damage.
The bat hits you but does no damage. You block the adder's attack.
* * * LOW HITPOINT WARNING * * *
You feel sick. You block the bat's attack.
The adder bites you but does no damage.
* * * LOW HITPOINT WARNING * * *
You feel sick. The adder closely misses you.
The bat hits you but does no damage.
* * * LOW HITPOINT WARNING * * *
You feel sick. The bat hits you but does no damage.
You block the adder's attack. x2
You die...

### # #.##.##.#
#.......#
####@#####.##
#...S........
###+#.##.#####.##
#.....##b##.##.#
#.....#........#
###.....#..#######
........"........
###.##.#....####
####.##.####....


You could see an adder and a bat.

Vanquished Creatures
  2 adders (D:2)
  An ufetubus (D:2)
  A worm (D:2)
  2 dart slugs
  3 endoplasms
  A giant cockroach (D:1)
  4 goblins
  4 hobgoblins (D:1)
  A quokka (D:1)
  4 ball pythons (D:1)
  7 bats
  2 frilled lizards
  6 kobolds
  3 rats
41 creatures vanquished.

Vanquished Creatures (others)
  5 toadstools (D:1)
5 creatures vanquished.

Grand Total: 46 creatures vanquished

Notes
Turn   | Place    | Note
-------+----------+-------------------------------------------
     0 | D:1      | shadowrider38 the Minotaur Berserker began the quest for
                  | the Orb.
     0 | D:1      | Reached XP level 1. HP: 19/19 MP: 0/0
   115 | D:1      | Reached skill level 4 in Axes
   115 | D:1      | Reached XP level 2. HP: 27/27 MP: 1/1
   191 | D:1      | Found Jiboneruagh's Weapon Boutique.
   191 | D:1      | Found Helai's Distillery.
   680 | D:1      | Found a faded altar of an unknown god.
   692 | D:1      | Reached XP level 3. HP: 28/33 MP: 2/2
   740 | D:1      | Found Gexukh's Armour Emporium.
   930 | D:2      | Reached ** piety under Trog
   934 | D:2      | Reached skill level 5 in Axes
  1172 | D:2      | Reached XP level 4. HP: 24/40 MP: 3/3
  1185 | D:2      | HP: 2/40 [poisoned by an adder]
  1187 | D:2      | Succumbed to an adder's poison

Illustrated notes

Levels and vault maps discovered:
D:1:      ldierk_walled_garden, layout_loops_ring, serial_shops, shop,
          shop_fountains, nicolae_shop_stone, basic_ecumenical_altar,
          minmay_fountain_box, lemuel_old_faithful
D:2:      minmay_door_path, layout_basic

Skill      XL: |  1  2  3 |
---------------+----------+-----
Fighting       | 4 |  4.0
Axes           | 4 5 |  5.7
Armour         | |  2.4
Dodging        | |  2.2

Action                   |  1- 3 |  4- 6 || total
-------------------------+-------+-------++-------
Melee: Hand axe          |    94 |       ||    94
       Headbutt          |    16 |       ||    16
 Stab: Sleeping          |     1 |       ||     1
Armor: Animal skin       |     4 |       ||     4
       Chain mail        |    48 |       ||    48
       Plate armour      |    28 |    16 ||    44
Dodge: Dodged            |    51 |     2 ||    53
Block: Kite shield       |    15 |    12 ||    27
